 Dungeon Crawl Stone Soup version 0.31-a0-844-gdc52ec4e09 (webtiles) character file.

Game seed: 14070479001702408070

23 kae the Chopper (level 3, 31/31 HPs)
             Began as a Hill Orc Fighter on Sept 29, 2023.
             Quit the game on level 1 of the Dungeon.
             The game lasted 00:00:15 (498 turns).

kae the Chopper (Hill Orc Fighter)                   Turns: 498, Time: 00:00:16

Health: 31/31      AC:  6    Str: 18    XL:     3   Next: 0%
Magic:  3/3        EV:  9    Int:  8    God:
Gold:   69         SH:  4    Dex: 12    Spells: 2/2 levels left

rFire   . . .        a - +0 war axe
rCold   . . .        c - +0 buckler
rNeg    . . .        b - +0 scale mail
rPois   .            (no helmet)
rElec   .            (no cloak)
rCorr   .            (no gloves)
SInv    .            (no boots)
Will    .....        (no amulet) Stlth
                     (no ring)
HPRegen 0.25/turn    (no ring)
MPRegen 0.08/turn

%: no passive effects
@: no status effects
A: no striking features
a: no special abilities


You were on level 1 of the Dungeon.
You visited 1 branch of the dungeon, and saw 1 of its levels.

You collected 69 gold pieces.


   Skills:
 - Level 3.6 Fighting
 + Level 4.5 Axes
 - Level 3.2 Armour
 - Level 3.2 Shields


You had 2 spell levels left.
You didn't know any spells.
Your spell library contained the following spells:

 Spells                   Type           Power      Damage    Failure   Level
 Sandblast                Erth           0%         2d4       86%         1
 Passwall                 Tmut/Erth      0%         N/A       95%         2
 Stone Arrow              Conj/Erth      0%         3d7       99%         3
 Brom's Barrelling Bould  Conj/Erth      0%         2d3       100%        4

Inventory:

Hand Weapons
 a - a +0 war axe (weapon)
Missiles
 h - 2 stones
 k - 7 poisoned darts
Armour
 b - a +0 scale mail (worn)
 c - a +0 buckler (worn)
Scrolls
 e - 2 scrolls of amnesia {unknown}
 i - 2 scrolls of revelation {unknown}
Potions
 d - a potion of might
 f - a potion of lignification {unknown}
 g - a potion of brilliance {unknown}
 j - a potion of heal wounds {unknown}

Dungeon Overview and Level Annotations

Branches:
Dungeon (1/15) Zot: 5486

Altars:

#. #.#..#+#...#.## #.
#...##.##..#.#
##.#####..##...##.#.#
.............8....#.#
#.......##........##
#.......####........
#.......# #........
#.......# #....#...
#..@....# #..####.#
#.!.........# #..#
#.# #....########
#... ..# ..... # ####
.... ... ##.
######### #.......#
#.#####.#


There were no monsters in sight!


Message History

😎 HP[+1]
Your hp is fully restored (26).
A frilled lizard is nearby!
You barely miss the frilled lizard. The frilled lizard barely misses you.
The frilled lizard bites you but does no damage.
You slash the frilled lizard!
You kill the frilled lizard!
You pick up a book of Geomancy and begin reading...
You add the spells Sandblast, Passwall, Stone Arrow and Brom's Barrelling Boulder to your library.
No target in view!
No target in view!
i - 2 scrolls labelled LIKYEPP IMYCWAMM (gained 1)
j - a glowing black potion No target in view!
No target in view!
k - 4 poisoned darts A hobgoblin and a kobold come into view.
The kobold shouts!
You barely miss the hobgoblin.
The hobgoblin hits you but does no damage.
There are monsters nearby!
You barely miss the hobgoblin.
The hobgoblin hits you but does no damage.
You block the hobgoblin's attack. You block the kobold's attack.
You slash the kobold!
You kill the kobold!
You hit the hobgoblin but do no damage. The hobgoblin barely misses you.
A hobgoblin is nearby!
You closely miss the hobgoblin. You block the hobgoblin's attack.
You closely miss the hobgoblin.
The hobgoblin hits you but does no damage.
You block the hobgoblin's attack.
A hobgoblin is nearby!
You slash the hobgoblin!
You kill the hobgoblin!
No target in view!
A goblin comes into view. It is wielding a +0 dagger.
The goblin shouts!
A rat comes into view.
There are monsters nearby!
An endoplasm comes into view.
There are monsters nearby!
The endoplasm freezes you.
You are frozen.
The goblin barely misses you.
You barely miss the goblin. You hit the endoplasm.
The endoplasm barely misses you.
The goblin hits you but does no damage. 😕 HP[-2]
You take 2 damage, and now have 24/26 hp.
There are monsters nearby!
You slash the endoplasm!
You kill the endoplasm!
You hit the goblin. The goblin hits you with a +0 dagger.
The goblin hits you but does no damage.
You slash the goblin!
You kill the goblin!
You closely miss the rat. The rat bites you. 😕 HP[-4]
You take 4 damage, and now have 20/26 hp.
A rat is nearby!
You slash the rat!
You kill the rat!
No target in view! 😕 HP[+1]
You see here a +0 dagger.
You see here a rat corpse.
An endoplasm comes into view.
The endoplasm quivers. 😎 HP[+5]
Your hp is fully restored (26).
The endoplasm jiggles.
An endoplasm is nearby!
The endoplasm freezes you.
You are frozen.
You slash the endoplasm!
You kill the endoplasm!
You have reached level 3!
Your experience leads to an increase in your attributes!
Increase (S)trength, (I)ntelligence, or (D)exterity?
You feel agile. x2 😕 HP[+3] MP[+1]
You now have 31 max hp (+5).
You regained 3 hp, and now have 29/31 hp.
Your mp is fully restored (3).
Unknown command.
k - 7 poisoned darts (gained 3) 😎 HP[+2]
Your hp is fully restored (31).
Saving game... please wait.
Lua error: /dgldir/rcfiles/crawl-git/kae.rc:525: unexpected symbol near '#' 🤖 Initializing magus.rc ...
Bad monster_list_colour key: strict_neutral Bad channel name 'pray' for runrest: 'pray:' Options error: Missing colour in message_colour setting: 'that.*feels deathly cold' Options error: Missing colour in message_colour setting: 'and you must be Full or above to equip it' Options error: Missing colour in message_colour setting: 'but rights himself reflexively soon after' Options error: Missing colour in message_colour setting: 'before it is too late' ✅ Successfully initialized magus.rc [v1.11.3] Welcome back, kae the Hill Orc Fighter.
Press ? for a list of commands and other information.
Are you sure you want to abandon this character and quit the game? (Confirm with "yes".)

Skill      XL: |  1  2 |
---------------+-------+-----
Axes           | 3 4 |  4.5
Fighting       | |  3.6
Armour         | |  3.2
Shields        | |  3.2

Action                     || total
---------------------------++-------
  Melee: War axe           ||    45
 Armour: Scale mail        ||    23
  Dodge: Dodged            ||    19
  Block: Buckler           ||    13

Levels and vault maps discovered:
D:1:      grunt_arrival_crossed_arrows, layout_loops_cross

Notes
Turn   | Place    | Note
-------+----------+-------------------------------------------
     0 | D:1      | kae the Hill Orc Fighter began the quest for the Orb.
     0 | D:1      | Reached XP level 1. HP: 19/19 MP: 1/1
     0 | D:1      | magus.rc [v1.11.3]
    22 | D:1      | Reached skill level 3 in Axes
    48 | D:1      | Reached XP level 2. HP: 25/26 MP: 2/2
   236 | D:1      | Reached skill level 4 in Axes
   269 | D:1      | You pick up a book of Geomancy and begin reading...
   269 | D:1      | You add the spells Sandblast, Passwall, Stone Arrow and
                  | Brom's Barrelling Boulder to your library.
   491 | D:1      | Reached XP level 3. HP: 29/31 MP: 3/3
   498 | D:1      | magus.rc [v1.11.3]
   498 | D:1      | Quit the game

Vanquished Creatures
  2 dart slugs (D:1)
  2 bats (D:1)
  3 endoplasms (D:1)
  A giant cockroach (D:1)
  2 hobgoblins (D:1)
  A frilled lizard (D:1)
  2 goblins (D:1)
  2 kobolds (D:1)
  3 rats (D:1)
18 creatures vanquished.

Table legend:
 A = Non-vault XP
 B = Vault XP
 C = Vault XP percentage of total XP
 D = Non-vault monster count
 E = Vault monster count
 F = Vault count percentage of total count
                 A         B        C        D         E       F
            +---------+---------+-------+---------+---------+-------
      Total |      34 |       0 |   0.0 |      18 |       0 |   0.0
            +---------+---------+-------+---------+---------+-------
        D:1 |      34 |       0 |   0.0 |      18 |       0 |   0.0
            +---------+---------+-------+---------+---------+-------

Skill      XL: |  1  2 |
---------------+-------+-----
Axes           | 3 4 |  4.5
Fighting       | |  3.6
Armour         | |  3.2
Shields        | |  3.2

Action                     || total
---------------------------++-------
  Melee: War axe           ||    45
 Armour: Scale mail        ||    23
  Dodge: Dodged            ||    19
  Block: Buckler           ||    13

Illustrated notes

Table legend:
 A = Kills in this place as a percentage of kills in the entire game.
 B = Kills by you in this place as a percentage of kills by you in the entire game.
 C = Kills by friends in this place as a percentage of kills by friends in the entire game.
 D = Other kills in this place as a percentage of other kills in the entire game.
 E = Experience gained in this place as a percentage of experience gained in the entire game.
 F = Experience gained in this place divided by the number of levels of this place that you have seen.
                   A       B       C       D       E      F
               +-------+-------+-------+-------+-------+----------------------
         Total | 100.0 | 100.0 |   N/A |   N/A | 100.0 |  34.0
       Dungeon | 100.0 | 100.0 |   N/A |   N/A | 100.0 |  34.0
               +-------+-------+-------+-------+-------+----------------------

Table legend: (Time is in decaauts)
 A = Elapsed time spent in this place.
 B = Non-inter-level travel time spent in this place.
 C = Inter-level travel time spent in this place.
 D = Time resting spent in this place.
 E = Time spent auto-exploring this place.
 F = Levels seen in this place.
 G = Mean time per level.
                   A        B        C        D        E       F      G
               +--------+--------+--------+--------+--------+-----+--------+
         Total |    513 |    513 |      0 |      0 |    410 |   1 |  513.0 |
       Dungeon |    513 |    513 |      0 |      0 |    410 |   1 |  513.0 |
               +--------+--------+--------+--------+--------+-----+--------+

Top non-repeatable levels by time:
     D:1: 513 daAuts
